 Dungeon Crawl Stone Soup version 0.32-a0-779-g362cfcae2a (webtiles) character file.

Game seed: 13773376673138496948

51 hikkokomori the Chopper (level 3, -4/28 HPs)
             Began as a Coglin Reaver on Mar 19, 2024.
             Slain by a gnoll
             ... wielding a +0 halberd
              (6 damage)
             ... on level 2 of the Dungeon.
             The game lasted 00:02:28 (810 turns).

hikkokomori the Chopper (Coglin Reaver)              Turns: 810, Time: 00:02:29

Health: -4/28      AC:  4    Str: 14    XL:     3   Next: 81%
Magic:  6/6        EV: 10    Int: 12    God:
Gold:   42         SH:  0    Dex: 12    Spells: 2/6 levels left

rFire   . . .        a - +0 hand axe {Nefertari}
rCold   . . .        i - +0 whip {Xiuying}
rNeg    . . .        b - +0 leather armour
rPois   .            (no helmet)
rElec   .            (no cloak)
rCorr   .            h - +0 pair of gloves
SInv    .            (no boots)
Will    .....        (amulet unavailable)
Stlth   +            (ring unavailable)
HPRegen 0.24/turn    (ring unavailable)
MPRegen 0.10/turn    (no gizmo)

%: no passive effects
@: weak-willed, enlightened, flying, revved
A: off-hand wielding, slow wielding, warmup strikes, no jewellery
a: Invent Gizmo


You were on level 2 of the Dungeon.
You visited 1 branch of the dungeon, and saw 2 of its levels.

You collected 42 gold pieces.

Inventory:

Hand Weapons
 a - a +0 hand axe (weapon) {Nefertari}
 c - a +0 dagger {Noor}
 i - a +0 whip (offhand) {Xiuying}
Armour
 b - a +0 leather armour (worn)
 h - a +0 pair of gloves (worn)
Scrolls
 e - a scroll of amnesia
 g - a scroll of identify
Potions
 d - a potion of curing
 f - a potion of enlightenment


   Skills:
 + Level 2.5 Fighting
 + Level 3.4 Axes
 - Level 1.7 Dodging
 + Level 2.2 Spellcasting
 + Level 3.1 Conjurations
 + Level 0.6 Translocations


You had 2 spell levels left.
You knew the following spells:

 Your Spells              Type           Power      Damage    Failure   Level
a - Kiss of Death         Conj/Necr      20%        2d7       19%         1
b - Momentum Strike       Conj/Tloc      10%        3d8       24%         2
c - Summon Small Mammal   Summ           4%         N/A       34%         1

Your spell library contained the following spells:

 Spells                   Type           Power      Damage    Failure   Level
 Sting                    Conj/Alch      20%        1d4       19%         1
 Apportation              Tloc           4%         N/A       26%         1
 Necrotise                Necr           4%         1d4       34%         1
 Hailstorm                Conj/Ice       5%         3d5       47%         3


Dungeon Overview and Level Annotations

Branches:
Dungeon (2/15)

Altars:
Qazlal


Innate Abilities, Weirdness & Mutations

You can wield a second weapon in your off-hand.
It takes a long time for you to wield or remove held weapons.
Your first few attacks do less damage.
You cannot equip rings or amulets.


Message History

The gnoll struggles against the net.
You see here a +0 flail.
The gnoll shouts!
You hit the gnoll with your +0 hand axe.
The gnoll is lightly wounded.
You hit the gnoll with your +0 whip.
The gnoll struggles against the net.
You hit the gnoll with your +0 hand axe.
The gnoll is severely wounded.
You hit the gnoll but do no damage.
The gnoll struggles against the net.
You strike the helpless gnoll from behind!
You hit the gnoll but do no damage.
The gnoll is severely wounded.
You hit the gnoll with your +0 whip.
You kill the gnoll!
As you read the scroll labelled GEABRI RIEWK, it crumbles to dust.
It is a scroll of identify.
e - a scroll of amnesia The gnoll closely misses you.
As you read the scroll labelled KODDOS GOFUQE, it crumbles to dust.
A wave of despondency washes over your surroundings.
It was a scroll of vulnerability.
The gnoll barely misses you. x2
You closely miss the gnoll with your +0 hand axe.
You hit the gnoll but do no damage. The gnoll barely misses you. x2
You closely miss the gnoll with your +0 hand axe.
You closely miss the gnoll with your +0 whip.
The gnoll closely misses you. x2
You hit the gnoll with your +0 whip.
The gnoll is moderately wounded.
You closely miss the gnoll with your +0 hand axe.
The gnoll misses you. The gnoll hits you with a +0 flail!
* * * LOW HITPOINT WARNING * * *
You hit the gnoll with your +0 hand axe.
The gnoll is severely wounded.
You closely miss the gnoll with your +0 whip.
The gnoll closely misses you. The gnoll hits you with a +0 flail.
* * * LOW HITPOINT WARNING * * *
The gnoll hits you with a +0 flail.
* * * LOW HITPOINT WARNING * * *
The gnoll hits you from afar with a +0 halberd.
You die...

†...#
#.###########
....#
#...#........
...>..###.#.######
..###.#...#......#
..# .#####..###.#
..# .......†..#.#
.... ..#######.#.#
.#####.#.......#.#
..#....#.#######@#
#.....##.#
#.gg....#
.........#
#########
......#..#
##†...##.#
.........#
.##......# .
#..._..# ##..)..#


You could see 2 gnolls.

Vanquished Creatures
  2 gnolls (D:2)
  2 dart slugs (D:2)
  An orc (D:2)
  An endoplasm (D:2)
  2 giant cockroaches
  A goblin (D:1)
  3 hobgoblins (D:1)
  2 jackals (D:1)
  A kobold (D:1)
  4 ball pythons
  4 bats
  A frilled lizard (D:1)
  3 rats
27 creatures vanquished.

Notes
Turn   | Place    | Note
-------+----------+-------------------------------------------
     0 | D:1      | hikkokomori the Coglin Reaver began the quest for the Orb.
     0 | D:1      | Reached XP level 1. HP: 16/16 MP: 3/3
   105 | D:1      | Reached XP level 2. HP: 21/22 MP: 4/4
   424 | D:1      | Found a faded altar of an unknown god.
   618 | D:2      | Learned a level 2 spell: Momentum Strike
   620 | D:2      | Learned a level 1 spell: Summon Small Mammal
   682 | D:2      | Reached XP level 3. HP: 24/28 MP: 6/6
   750 | D:2      | Found a stormy altar of Qazlal.
   810 | D:2      | Slain by a gnoll

Illustrated notes

Levels and vault maps discovered:
D:1:      dpeg_arrival_more_subterranean_lakeside_camping, layout_basic,
          serial_rivers, chequers_serial_rivers_small_a,
          chequers_serial_rivers_marsh, chequers_serial_rivers_room_a,
          chequers_serial_rivers_large_a, chequers_serial_rivers_micro_e,
          chequers_ecumenical_altar_twisty
D:2:      minmay_spotlight, layout_basic, basic_altar

Skill      XL: |  1  2 |
---------------+-------+-----
Spellcasting   | 2 |  2.2
Conjurations   | 3 |  3.1
Fighting       | |  2.5
Axes           | |  3.4
Dodging        | |  1.7
Translocations | |  0.6

Action                     || total
---------------------------++-------
  Melee: Hand axe          ||    70
         Dagger            ||    50
         Whip              ||    15
  Throw: Throwing net      ||     1
    Use: Scroll            ||     2
         Potion            ||     2
   Stab: Held in net/web   ||     1
 Armour: Leather armour    ||    46
  Dodge: Dodged            ||    62

Table legend: (Time is in decaauts)
 A = Elapsed time spent in this place.
 B = Non-inter-level travel time spent in this place.
 C = Inter-level travel time spent in this place.
 D = Time resting spent in this place.
 E = Time spent auto-exploring this place.
 F = Levels seen in this place.
 G = Mean time per level.
                   A        B        C        D        E       F      G
               +--------+--------+--------+--------+--------+-----+--------+
         Total |    830 |    804 |     26 |      0 |    593 |   2 |  415.0 |
       Dungeon |    830 |    804 |     26 |      0 |    593 |   2 |  415.0 |
               +--------+--------+--------+--------+--------+-----+--------+

Top non-repeatable levels by time:
     D:1: 632 daAuts
     D:2: 197 daAuts
